 Dungeon Crawl Stone Soup version 0.28-b1-1-g3c77fb2 (webtiles) character file.

Game seed: 10166514744027477942

11053 BALLS the Carver (level 11, -10/60 HPs)
             Began as a Vine Stalker Fighter on Jan 27, 2022.
             Was an Elder of Okawaru.
             Mangled by a death knight (15 damage)
             ... on level 11 of the Dungeon.
             The game lasted 00:22:24 (8392 turns).

BALLS the Carver (Vine Stalker Fighter)             Turns: 8392, Time: 00:22:24

Health: -10/60     AC: 17    Str: 23    XL:     11   Next: 71%
Magic:  0/16       EV: 17    Int:  8    God:    Okawaru [****..]
Gold:   653        SH:  6    Dex: 14    Spells: 10/10 levels left

rFire   . . .      SeeInvis +   a - +0 long sword
rCold   . . .      Faith    .   c - +0 buckler
rNeg    + . .      Spirit   +   v - +5 ring mail of the Tundras {rN+ Slay+4 SInv}
rPois   .          Reflect  .   C - +1 helmet
rElec   .          Harm     .   s - +0 cloak
rCorr   .          Rampage  .   x - +0 pair of gloves
Will    +....                   (no boots)
Stlth   ++........              g - amulet of regeneration
HPRegen 1.80/turn               n - +4 ring of evasion
MPRegen 0.15/turn               (no ring)

@: heroic, finesse-ful
A: fangs 3, regeneration 1, magic shield, antimagic bite, no potion heal 2
a: Renounce Religion, Heroism, Finesse


You were on level 11 of the Dungeon.
You worshipped Okawaru.
Okawaru was greatly pleased with you.
You visited 2 branches of the dungeon, and saw 12 of its levels.

You collected 653 gold pieces.

Inventory:

Hand Weapons
 a - a +0 long sword (weapon)
 z - a +2 flail of venom
Missiles
 E - 3 throwing nets (quivered)
Armour
 c - a +0 buckler (worn)
 s - a +0 cloak (worn)
 v - the +5 ring mail of the Tundras (worn) {rN+ Slay+4 SInv}
   (You found it on level 5 of the Dungeon)

   Slay:      It affects your accuracy & damage with ranged weapons and melee
   (+4).
   rN:        It protects you from negative energy.
   SInv:      It lets you see invisible.
 x - a +0 pair of gloves (worn)
 C - a +1 helmet (worn)
Jewellery
 b - an amulet of magic regeneration
 g - an amulet of regeneration (around neck)
 n - a +4 ring of evasion (left hand)
 q - a ring of see invisible
 y - a +6 ring of dexterity
Wands
 B - a wand of acid (11)
 G - a wand of polymorph (2)
Scrolls
 d - a scroll of magic mapping {unknown}
 e - a scroll of silence
 h - 3 scrolls of vulnerability
 i - 5 scrolls of teleportation
 l - 3 scrolls of enchant weapon
 o - 2 scrolls of amnesia
 t - 2 scrolls of immolation
 w - 3 scrolls of fear
 A - 2 scrolls of enchant armour {unknown}
 H - a scroll of fog {unknown}
Potions
 f - 3 potions of heal wounds
 j - 2 potions of invisibility {unknown}
 k - 7 potions of curing
 m - 2 potions of mutation {unknown}
 p - 2 potions of attraction {unknown}
 r - a potion of cancellation {unknown}
 u - a potion of brilliance {unknown}
 D - a potion of berserk rage {unknown}
 F - a potion of might


   Skills:
 - Level 8.0(13.0) Fighting
 + Level 12.5(17.5) Long Blades
 - Level 5.0(10.0) Armour
 - Level 5.0(10.0) Shields
 - Level 6.0 Invocations


You had 10 spell levels left.
You didn't know any spells.
Your spell library contained the following spells:

 Spells                   Type           Power      Damage    Failure   Level
 Pain                     Necr           0%         1d4       58%         1
 Vampiric Draining        Necr           0%         2d6       92%         3
 Animate Skeleton         Necr           Unusable   N/A       N/A         1

Dungeon Overview and Level Annotations

Branches:
Dungeon (11/15)            Temple (1/1) D:7             Orc (0/2) D:10
   Lair: D:8-11

Altars:
Ashenzari
Cheibriados
Dithmenos
Elyvilon
Fedhas
Gozag
Hepliaklqana
Kikubaaqudgha
Nemelex Xobeh
Okawaru
Qazlal
Ru
Sif Muna
Trog
Uskayaw
Vehumet
Wu Jian
Xom
Yredelemnul
Zin
The Shining One
Beogh

Shops:
D:2 *   D:5 =   D:9 [

Annotations:
D:6 1 runed translucent door, Crazy Yiuf
D:8 4 runed translucent doors


Innate Abilities, Weirdness & Mutations

You have razor-sharp teeth.
Your natural rate of healing is unusually fast.
When hurt, damage is shared between your health and your magic reserves.
Your bite disrupts and absorbs the magic of your enemies.
Potions cannot restore your health.


Message History

The orc knight is severely wounded.
The death knight hits you from afar with a +0 halberd!!
You hit the orc knight but do no damage.
You bite the orc knight! You drain its power.
You feel invigorated.
The orc knight is almost dead.
You block the orc knight's attack.
You hit the orc knight but do no damage.
Your bite misses the orc knight.
The orc knight is almost dead.
You slash the orc knight!
You kill the orc knight!
Okawaru accepts your kill.
You can now speed up your combat.
The death knight barely misses you.
Your life force feels restored.
The death knight hits you with a +0 halberd.
There is an open door, spattered with blood here.
Things that are here:
a +0 great sword; a +0 plate armour You slash the death knight!
Your bite misses the death knight.
The death knight is lightly wounded.
The death knight reflects your damage back at you!
You barely miss the death knight. You bite the death knight!
You drain its power.
You feel invigorated.
The death knight is lightly wounded.
The death knight reflects your damage back at you!
You hit the death knight but do no damage.
You bite the death knight, but do no damage.
The death knight is lightly wounded.
The death knight hits you with a +0 halberd.
You slash the death knight!
The death knight is moderately wounded.
The death knight reflects your damage back at you!
You slash the death knight! Your bite misses the death knight.
The death knight is heavily wounded.
The death knight reflects your damage back at you!
* * * LOW HITPOINT WARNING * * *
The death knight hits you with a +0 halberd!
* * * LOW HITPOINT WARNING * * *
The death knight hits you from afar with a +0 halberd!
You die...

+################.......
................#..............
................#...............
.......<........#...............
...[............#...............
..........##....#...............
####..######...@#...............
#.. #....)p.............. #...
#....#............... #...
#....###'##.....##### #...
#....##..............
#....##..............
#....##..............
#....##........o.....
########.............


You could see a death knight (reflects damage).

Vanquished Creatures
  2 two-headed ogres (D:9)
  Sonja (D:10)
  Pikel (D:5)
  An orc knight (D:11)
  A gargoyle (D:10)
  An unseen horror (D:10)
  A komodo dragon (D:8)
  A hornet (D:8)
  Grinder (D:4)
  A meliai zombie (D:10)
  Sigmund (D:2)
  A shadow (D:6)
  A vampire (D:11)
  9 yaks
  A wyvern (D:8)
  2 steam dragons (D:8)
  The ghost of Ayyar the Covered, an amateur GnWn (D:3)
  Menkaure (D:6)
  An acid dragon (D:10)
  2 water moccasins
  4 orc warriors
  2 sky beasts (D:7)
  4 black bears
  An ogre (D:4)
  4 necrophages
  9 centaurs
  A lemure (D:5)
  2 bullfrogs
  A kobold brigand (D:8)
  A wyvern zombie (D:8)
  A gnoll sergeant (D:7)
  A wyvern skeleton (D:5)
  A scorpion (D:5)
  10 killer bees
  4 howler monkeys
  A lava snake (D:7)
  3 centaur zombies
  2 jellies
  6 orc priests
  A bullfrog skeleton (D:5)
  A centaur skeleton (D:6)
  2 gnoll shamans
  4 hounds
  6 orc wizards
  A scorpion zombie (D:5)
  A hound zombie (D:5)
  Robin (D:3)
  2 howler monkey zombies (D:6)
  A howler monkey skeleton (D:4)
  21 gnolls
  10 adders
  A white imp (D:6)
  2 ufetubi
  2 adder skeletons (D:4)
  2 worms
  2 dart slugs (D:1)
  25 orcs
  4 ball pythons
  4 endoplasms
  3 giant cockroaches
  11 hobgoblins
  7 jackals
  3 quokkas
  2 bats
  3 frilled lizards
  17 goblins
  9 kobolds
  A quokka skeleton (D:4)
  3 rats
241 creatures vanquished.

Vanquished Creatures (others)
  A fungus (D:6)
1 creature vanquished.

Grand Total: 242 creatures vanquished

Notes
Turn   | Place    | Note
-------+----------+-------------------------------------------
     0 | D:1      | BALLS the Vine Stalker Fighter began the quest for the Orb.
     0 | D:1      | Reached XP level 1. HP: 11/11 MP: 2/2
    34 | D:1      | Reached skill level 2 in Long Blades
   123 | D:1      | Reached XP level 2. HP: 16/16 MP: 3/3
   396 | D:1      | Reached skill level 3 in Long Blades
   809 | D:1      | You fall into a shaft and drop 1 floor!
   817 | D:2      | Reached XP level 3. HP: 19/19 MP: 4/4
   857 | D:2      | Noticed Sigmund
   883 | D:2      | Killed Sigmund
   884 | D:2      | Reached skill level 5 in Long Blades
   884 | D:2      | Gained mutation: Your natural rate of healing is unusually
                  | fast. [Vine Stalker growth]
   884 | D:2      | Reached XP level 4. HP: 10/23 MP: 2/5
   884 | D:2      | Reached XP level 5. HP: 12/27 MP: 2/6
   970 | D:2      | Found Horodazy's Assorted Antiques.
  1171 | D:2      | Reached XP level 6. HP: 20/32 MP: 4/7
  1402 | D:2      | Found a hide-covered altar of Uskayaw.
  1861 | D:3      | Found a faded altar of an unknown god.
  2189 | D:3      | Found a large runed translucent door.
  2189 | D:3      | Found a large runed translucent door.
  2192 | D:3      | Noticed Ayyar's ghost (amateur GnWn)
  2278 | D:3      | Killed Ayyar's ghost
  2279 | D:3      | Reached skill level 6 in Long Blades
  2371 | D:3      | Reached XP level 7. HP: 35/35 MP: 8/8
  2443 | D:4      | Noticed Robin
  2480 | D:4      | Noticed Grinder
  2652 | D:3      | Killed Robin
  2653 | D:3      | Reached skill level 7 in Long Blades
  2866 | D:4      | Killed Grinder
  2867 | D:4      | Reached skill level 5 in Fighting
  2867 | D:4      | Gained mutation: You have razor-sharp teeth. [Vine Stalker
                  | growth]
  2867 | D:4      | Reached XP level 8. HP: 32/43 MP: 6/9
  3084 | D:4      | Identified the +2 chain mail of Vlad {Int+7}
  3173 | D:5      | Entered Level 5 of the Dungeon
  3448 | D:5      | Identified the +5 ring mail of the Tundras {rN+ Slay+4
                  | SInv}
  3582 | D:5      | Found Fiwapro's Jewellery Shop.
  3934 | D:5      | Reached skill level 5 in Shields
  4257 | D:6      | Noticed Pikel
  4291 | D:5      | Killed Pikel
  4292 | D:5      | Reached skill level 5 in Armour
  4292 | D:5      | Reached XP level 9. HP: 39/47 MP: 8/10
  4415 | D:6      | Reached skill level 8 in Long Blades
  4739 | D:6      | Reached skill level 9 in Long Blades
  4746 | D:6      | Noticed Menkaure
  4762 | D:6      | Killed Menkaure
  4843 | D:6      | Found a runed translucent door.
  4844 | D:6      | Noticed Crazy Yiuf
  4977 | D:7      | Reached skill level 10 in Long Blades
  5121 | D:7      | Reached XP level 10. HP: 51/52 MP: 9/11
  5172 | D:7      | Found a staircase to the Ecumenical Temple.
  5190 | Temple   | Entered the Ecumenical Temple
  5273 | Temple   | Became a worshipper of Warmaster Okawaru
  5610 | D:7      | Reached skill level 1 in Invocations
  5862 | D:8      | Reached * piety under Okawaru
  5965 | D:8      | Noticed a cyclops
  5966 | D:8      | Found a large runed translucent door.
  5966 | D:8      | Found a large runed translucent door.
  5984 | D:8      | Reached skill level 5 in Invocations
  5986 | D:8      | Found a large runed translucent door.
  5986 | D:8      | Found a large runed translucent door.
  6145 | D:8      | Reached ** piety under Okawaru
  6925 | D:9      | Noticed a two-headed ogre
  6936 | D:9      | Killed a two-headed ogre
  6937 | D:9      | Reached XP level 11. HP: 48/60 MP: 12/16
  7012 | D:9      | Found Koibbeesh's Antique Armour Boutique.
  7175 | D:9      | Reached *** piety under Okawaru
  7223 | D:9      | Noticed a two-headed ogre
  7231 | D:9      | Killed a two-headed ogre
  7232 | D:9      | Reached skill level 11 in Long Blades
  7444 | D:10     | Entered Level 10 of the Dungeon
  7529 | D:10     | Found a staircase to the Orcish Mines.
  7784 | D:10     | Reached skill level 12 in Long Blades
  7805 | D:10     | Reached **** piety under Okawaru
  7878 | D:10     | Noticed Sonja
  7888 | D:10     | Killed Sonja
  8349 | D:11     | Noticed an orc knight
  8349 | D:11     | Noticed a death knight
  8349 | D:11     | Noticed a six-headed hydra
  8385 | D:11     | Killed an orc knight
  8392 | D:11     | Mangled by a death knight

Illustrated notes

Levels and vault maps discovered:
D:1:      lemuel_arrival_behind_the_door_large, layout_basic
D:2:      layout_basic, basic_altar, serial_shops, shop, uniq_sigmund
D:3:      layout_basic, ebering_ghost_disaster_area,
          nicolae_ecumenical_oubliette, serial_park_tiny_1, skrybe_limestone_x,
          st_stairs_8, grunt_decor_cap, due_unseen_surprise
D:4:      layout_rooms, hangedman_minor_gate_pass, uniq_robin, uniq_grinder
D:5:      minmay_evil_eye, layout_layer_cave, serial_shops,
          nicolae_shop_advertising_works [nicolae_subvault_shop_adworks],
          minmay_misc_feat_alley, chequers_garden, minmay_starry_boxes
D:6:      layout_rooms, uniq_pikel, uniq_crazy_yiuf_cottage, uniq_menkaure
D:7:      layout_basic, temple_pool_b, st_stairs_10, nicolae_lava_and_water
D:8:      layout_cave_pods, st_stairs_4, minmay_hollow_rounded_squares
D:9:      layout_gridville, serial_shops, shop
D:10:     layout_loops_ring, nicolae_overflow_hidden_temple,
          minmay_orc_entry_temple_small, roderic_cross_of_infinity, uniq_sonja
D:11:     minmay_the_grid_four_pointed_star_mashed
          [minmay_the_grid_triangle_9x9_limited_checkers,
          minmay_the_grid_triangle_9x9_zippers_vertical,
          minmay_the_grid_triangle_9x9_intruding_spiral,
          minmay_the_grid_triangle_9x9_subtriangle,
          minmay_the_grid_prize_shrinking_boxes], layout_stronghold,
          david_lair_generic, portal_ice_cave_entry_pillars_1
Temple:   minmay_crystal_snake_temple

Skill      XL: |  1  2  3  4  5  6  7  8  9 10 11 |
---------------+----------------------------------+-----
Long Blades    | 2 3 5 6 7 10 12 | 12.5
Fighting       | 5 8 |  8.0
Shields        | 3 5 |  5.0
Armour         | 5 |  5.0
Invocations    | 6 |  6.0

Action                   |  1- 3 |  4- 6 |  7- 9 | 10-12 || total
-------------------------+-------+-------+-------+-------++-------
Melee: Long sword        |    63 |    97 |   320 |   321 ||   801
       Bite              |     9 |    13 |    96 |   118 ||   236
Invok: Heroism           |       |       |       |     4 ||     4
       Finesse           |       |       |       |     2 ||     2
  Use: Potion            |     1 |       |       |       ||     1
       Scroll            |       |       |     7 |     2 ||     9
Armor: Scale mail        |    17 |    26 |    38 |       ||    81
       Ring mail         |       |       |    79 |    86 ||   165
       Skin              |       |       |       |     5 ||     5
Dodge: Dodged            |    24 |    41 |   203 |   209 ||   477
Block: Buckler           |     4 |    16 |    91 |    90 ||   201
